 Dungeon Crawl Stone Soup version 0.23.2 (webtiles) character file.

Game seed: 707876400295880838

26 Gingko the Shield-Bearer (level 3, -1/23 HPs)
             Began as a Gargoyle Fighter on Apr 5, 2019.
             Slain by a gnoll
             ... wielding a +0 halberd
              (12 damage)
             ... on level 2 of the Dungeon.
             The game lasted 00:03:56 (933 turns).

Gingko the Shield-Bearer (Gargoyle Fighter)          Turns: 933, Time: 00:03:57

Health: -1/23      AC: 10    Str: 20    XL:     3   Next: 8%
Magic:  3/3        EV:  7    Int:  8    God:
Gold:   40         SH:  9    Dex:  9    Spells: 2/2 levels left

rFire    . . .     SeeInvis .   a - +0 flail
rCold    . . .     Gourm    .   c - +0 shield
rNeg     + . .     Faith    .   b - +0 scale mail
rPois    ∞         Spirit   .   (no helmet)
rElec    +         Reflect  .   (no cloak)
rCorr    .         Harm     .   (no gloves)
MR       .....                  (no boots)
Stlth    ..........             (no amulet)
HPRegen  0.07/turn              (no ring)
MPRegen  0.08/turn              (no ring)

@: no status effects
A: negative energy resistance 1, electricity resistance, unbreathing,
petrification resistance, rot immunity, AC +3
a: no special abilities


You were on level 2 of the Dungeon.
You were not hungry.

You visited 1 branch of the dungeon, and saw 2 of its levels.

You collected 40 gold pieces.

Inventory:

Hand Weapons
 a - a +0 flail (weapon)
Missiles
 i - 39 arrows
 j - 17 poisoned needles
Armour
 b - a +0 scale mail (worn)
 c - a +0 shield (worn)
Jewellery
 l - a +5 ring of intelligence {unknown}
 n - a cursed ring of attention {unknown}
Scrolls
 e - a scroll of fear {unknown}
 h - 2 scrolls of identify {unknown}
 m - a scroll of teleportation {unknown}
Potions
 d - a potion of might
 k - a potion of lignification {unknown}
Comestibles
 f - 2 rations
 g - a chunk of flesh


   Skills:
 - Level 3.2 Fighting
 + Level 2.5 Maces & Flails
 - Level 3.2 Armour
 + Level 0.2 Dodging
 + Level 4.1 Shields


You had 2 spell levels left.
You didn't know any spells.
Your spell library was empty.

Dungeon Overview and Level Annotations

Branches:
Dungeon (2/15)

Altars:


Innate Abilities, Weirdness & Mutations

You are resistant to torment.
Your stone body is resilient. (AC +3)
You are immune to poison.
You resist negative energy. (rN+)
You are resistant to electric shocks. (rElec)
You can survive without breathing.
You are immune to petrification.
You are immune to rotting.


Message History

You barely miss the gnoll. The gnoll hits you but does no damage.
You block the gnoll's attack. The gnoll hits you but does no damage.
You hit the gnoll but do no damage. You block the gnoll's attack. x2
You closely miss the gnoll. You block the gnoll's attack.
The gnoll completely misses you.
You closely miss the gnoll. You block the gnoll's attack.
The gnoll hits you from afar with a +0 spear.
The gnoll barely misses you. The gnoll hits you with a +0 halberd.
You closely miss the gnoll.
The gnoll hits you from afar with a +0 spear.
The gnoll hits you but does no damage.
You sock the gnoll!
The gnoll is heavily wounded.
The gnoll hits you but does no damage. The gnoll barely misses you.
You block the gnoll's attack.
You barely miss the gnoll.
The gnoll is heavily wounded.
The gnoll hits you with a +0 halberd!
Ouch! That really hurt!
You die...

#.##.#
#.###.#..
#######.##.#
#.# .###
...........#
#.# .#
##.###(####
#.# .# #.#
#.# #.# #.#
#.# #@# #g#
#g#


gg. ... #...# #$..# ...>. You could see 4 gnolls.

Vanquished Creatures
  A leopard gecko (D:1)
  5 goblins
  2 hobgoblins (D:1)
  A ball python (D:1)
  6 bats (D:1)
  3 frilled lizards (D:1)
  4 kobolds (D:1)
  4 rats (D:1)
26 creatures vanquished.

Notes
Turn   | Place    | Note
-------+----------+-------------------------------------------
     0 | D:1      | Gingko the Gargoyle Fighter began the quest for the Orb.
     0 | D:1      | Reached XP level 1. HP: 14/14 MP: 1/1
   146 | D:1      | Reached XP level 2. HP: 13/19 MP: 2/2
   371 | D:1      | Reached skill level 4 in Shields
   538 | D:1      | Reached XP level 3. HP: 23/23 MP: 3/3
   933 | D:2      | Slain by a gnoll

Skill      XL: |  1  2 |
---------------+-------+-----
Shields        | 4 |  4.1
Fighting       | |  3.2
Maces & Flails | |  2.5
Armour         | |  3.2
Dodging        | |  0.2

Action                   || total
-------------------------++-------
Melee: Flail             ||    78
Armor: Scale mail        ||    41
Dodge: Dodged            ||    33
Block: Shield            ||    52
